 Dungeon Crawl Stone Soup version 0.30-a0-622-gddc90eaa04 (webtiles) character file.

Game seed: 5712555832207205469

35 kae the Insei (level 3, -7/26 HPs)
             Began as a Demonspawn Transmuter on Jan 10, 2023.
             Mangled by Sigmund
             ... wielding a +0 scythe
              (12 damage)
             ... on level 2 of the Dungeon.
             The game lasted 00:01:15 (1153 turns).

kae the Insei (Demonspawn Transmuter)               Turns: 1153, Time: 00:01:16

Health: -7/26      AC:  2    Str:  9 (10) XL:     3   Next: 16%
Magic:  0/6        EV: 19    Int: 15 (16) God:
Gold:   70         SH:  0    Dex: 15 (18) Spells: 0/6 levels left

rFire   . . .      SeeInvis .      - Unarmed
rCold   . . .      Faith    .    (shield currently unavailable)
rNeg    . . .      Spirit   .    (body armour currently unavailable)
rPois   x          Reflect  .    (helmet currently unavailable)
rElec   .          Harm     .    (cloak currently unavailable)
rCorr   .          Rampage  .    (gloves currently unavailable)
Will    .....                    (boots currently unavailable)
Stlth   +                        (no amulet)
HPRegen 0.24/turn                (no ring)
MPRegen 0.10/turn                (no ring)

@: mighty, brilliant, spider-form (expiring), very slightly contaminated
A: venomous fangs, tiny, powered by pain 1, (sanguine armour 1)
a: End Transformation


You were on level 2 of the Dungeon.
You were a venomous arachnid creature.
You visited 1 branch of the dungeon, and saw 2 of its levels.

You collected 70 gold pieces.


Innate Abilities, Weirdness & Mutations

You are a venomous arachnid creature.
You have venomous fangs.
You are tiny and dextrous.
Your spellcasting is less reliable in this form.
Your armour is entirely melded.
You are incapable of wielding weapons or throwing items.
You sometimes gain a little power by taking damage.
((When seriously injured, your blood forms armour. (AC +0)))


   Skills:
 - Level 1.0 Fighting
 - Level 1.7 Dodging
 + Level 3.0 Unarmed Combat
 + Level 2.3 Spellcasting
 * Level 2.6 Transmutations


You couldn't memorise any spells.
You knew the following spells:

 Your Spells              Type           Power      Damage    Failure   Level
a - Beastly Appendage     Tmut           28%        N/A       19%         1
b - Wereblood             Tmut           14%        N/A       26%         2
c - Spider Form           Tmut/Pois      8%         N/A       58%         3

Your spell library contained the following spells:

 Spells                   Type           Power      Damage    Failure   Level
 Call Canine Familiar     Summ           2%         N/A       75%         3
 Portal Projectile        Hex/Tloc       4%         N/A       75%         3
 Ice Form                 Ice/Tmut       8%         N/A       90%         4
 Leda's Liquefaction      Hex/Erth       1%         N/A       98%         4

Inventory:

Missiles
 e - 4 stones
Armour
 a - a +0 robe (melded)
Potions
 b - a potion of lignification {!q}
 d - a potion of degeneration {!q}

Dungeon Overview and Level Annotations

Branches:
Dungeon (2/15) Zot: 10850

Altars:
Xom

Annotations:
D:2 Sigmund

,,,,,,,,,,,,,,,**,,,,,*****######
,,,,****,,,,,,.###......*,,......
,,,,* *,,,,,,..........*,,..#...
,,,,****,,,***#.........*,*..#..#
,,,,,,,,,**** #.........*,*..#..#
**,,,,,,,...* #.......,,+*###_###
,*,,,,,,,...###.....#,,,*,#..#..#
,,,,,,,,,...........#,,,*,#..#..#
,,,^,,,,,.......s{..#**,*,...#...
*,,,,,,,,........_..#####,.......
*,,,,,,,,...............#########
*,,,,,,,,.......................#
*,,,,,,,,#......$$........#.....#
,,,,,,,,,....#.........####......
**,,,,***###.#............#......
,,,,,,,,,*#.............#........
**,,,,,,,,#.............#........


There were no monsters in sight!


Message History

Sigmund says, "You will soon forget everything."
Sigmund gestures wildly while chanting.
Sigmund flickers and vanishes!
Deactivating autopickup; reactivate with Ctrl-A. 😮 HP[+1] Unknown command.
You barely miss the hobgoblin. The hobgoblin completely misses you.
Unknown command.
You hit the hobgoblin. The hobgoblin completely misses you.
Unknown command.
You hit the hobgoblin but do no damage. The hobgoblin barely misses you.
You hit the hobgoblin. The hobgoblin hits you. 😮 HP[-1]
You take 1 damage, and now have 18/26 hp.
Unknown command.
As you read the scroll labelled DUFEJU DAZIUZE, it crumbles to dust.
You feel aware of your surroundings.
It was a scroll of magic mapping.
The hobgoblin hits you.
Your blood congeals into armour.
A magic dart appears from out of thin air!
The magic dart hits you.
* * * LOW HITPOINT WARNING * * *
😨 HP[-8]
You take 8 damage, and now have 10/26 hp.
MASSIVE DAMAGE!! (PAUSE) It was a potion of might.
You feel very mighty all of a sudden. The hobgoblin barely misses you.
A ball python skeleton comes into view.
It was a potion of degeneration.
There was something very wrong with that liquid.
You feel weakened.
You feel dopey.
You feel clumsy. The hobgoblin barely misses you.
Something hits you but does no damage.
It was a potion of curing.
You feel better. The hobgoblin closely misses you. Something hits you. 😮 HP[+6]
You regained 6 hp, and now have 16/26 hp.
It was a potion of brilliance.
You feel clever all of a sudden.
The hobgoblin closely misses you. 😮 HP[+1] Unknown command.
Casting: Beastly Appendage (safe; 8% risk of failure)
Confirm with . or Enter, or press ? or * to list all spells.
The spell is extremely dangerous to miscast (36% risk of failure)!
Continue anyway? [Y]es or [N]o only, please.
The spell is extremely dangerous to miscast (36% risk of failure)!
Continue anyway?
You feel a surge of power!
You miscast Spider Form.
You are very lightly contaminated with residual magic.
Multicoloured lights dance before your eyes.
The hobgoblin closely misses you. Something hits you. 😮 HP[-2] MP[-2]
You take 2 damage, and now have 15/26 hp.
You lost 2 mp, and now have 4/6 mp.
Casting: Spider Form (extremely dangerous; 36% risk of failure)
Confirm with . or Enter, or press ? or * to list all spells.
The spell is extremely dangerous to miscast (36% risk of failure)!
Continue anyway? [Y]es or [N]o only, please.
The spell is extremely dangerous to miscast (36% risk of failure)!
Continue anyway?
You feel a surge of power!
You miscast Spider Form.
Nothing appears to happen.
The hobgoblin barely misses you.
Something hits you but does no damage. 😮 MP[-2]
You lost 2 mp, and now have 2/6 mp.
Casting: Spider Form (extremely dangerous; 36% risk of failure)
Confirm with . or Enter, or press ? or * to list all spells.
The spell is extremely dangerous to miscast (36% risk of failure)!
Continue anyway? [Y]es or [N]o only, please.
The spell is extremely dangerous to miscast (36% risk of failure)!
Continue anyway?
You feel a surge of power!
You turn into a venomous arachnid creature.
Your +0 robe melds into your body.
Your blood armour dries and flakes away.
The hobgoblin completely misses you. 😮 MP[-2]
You lost 2 mp, and now have 0/6 mp.
Unknown command.
You completely miss the hobgoblin. The hobgoblin misses you.
Something misses you. 😮 HP[+1]
You bite the hobgoblin!
You kill the hobgoblin!
Your transformation is almost over.
You bite the ball python skeleton!
You destroy the ball python skeleton!
Something hits you!
* * * LOW HITPOINT WARNING * * *
😱 HP[-10]
You take 10 damage, and now have 6/26 hp.
MASSIVE DAMAGE!! (PAUSE)
Something hits you.
* * * LOW HITPOINT WARNING * * *
There is a shimmering altar of Xom here. 😱 HP[-2]
You take 2 damage, and now have 4/26 hp. 😱 HP[+1] Unknown command.
You hit something. Something hits you!
You die...

Skill      XL: |  1  2 |
---------------+-------+-----
Transmutations | 2 |  2.6
Unarmed Combat | 3 |  3.0
Fighting       | |  1.0
Dodging        | |  1.7
Spellcasting   | |  2.3

Action                   || total
-------------------------++-------
Melee: Unarmed           ||    81
       Kick              ||    15
       Headbutt          ||     7
       Punch             ||     1
 Cast: Beastly Appendage ||    18
       Spider Form       ||     1
  Use: Potion            ||     4
       Scroll            ||     2
Armor: Robe              ||    17
Dodge: Dodged            ||    76

Levels and vault maps discovered:
D:1:      amcnicky_arrival_feature_with_door, layout_basic
D:2:      layout_basic, serial_undead, serial_undead_c, serial_undead_b,
          serial_undead_b, serial_undead_f, serial_undead_f,
          shapermc_ecumenical_altar_notcrosses, basic_altar, uniq_sigmund

Notes
Turn   | Place    | Note
-------+----------+-------------------------------------------
     0 | D:1      | kae the Demonspawn Transmuter began the quest for the Orb.
     0 | D:1      | Reached XP level 1. HP: 15/15 MP: 3/3
     0 | D:1      | magus.rc [v1.11.3]
   112 | D:1      | Reached skill level 2 in Transmutations
   260 | D:1      | You pick up a book of the Hunter and begin reading...
   260 | D:1      | You add the spells Call Canine Familiar, Portal Projectile
                  | and Leda's Liquefaction to your library.
   339 | D:1      | Gained mutation: You sometimes gain a little power by
                  | taking damage. [demonic ancestry]
   339 | D:1      | Reached XP level 2. HP: 16/21 MP: 3/5
   557 | D:1      | Reached skill level 3 in Unarmed Combat
   744 | D:1      | Gained mutation: When seriously injured, your blood forms
                  | armour. (AC +0) [demonic ancestry]
   744 | D:1      | Reached XP level 3. HP: 24/26 MP: 4/6
   747 | D:1      | Learned a level 2 spell: Wereblood
   751 | D:1      | Learned a level 3 spell: Spider Form
  1095 | D:2      | Found a faded altar of an unknown god.
  1116 | D:2      | Found a shimmering altar of Xom.
  1132 | D:2      | Noticed Sigmund
  1150 | D:2      | HP: 6/26 [something (10)]
  1153 | D:2      | Mangled by Sigmund

Vanquished Creatures
  A dart slug (D:1)
  5 bats (D:1)
  3 endoplasms
  A giant cockroach (D:1)
  2 goblins (D:1)
  8 hobgoblins
  A kobold (D:1)
  A quokka (D:1)
  A ball python skeleton (D:2)
  3 frilled lizards
  3 rats (D:1)
29 creatures vanquished.

Table legend:
 A = Non-vault XP
 B = Vault XP
 C = Vault XP percentage of total XP
 D = Non-vault monster count
 E = Vault monster count
 F = Vault count percentage of total count
                 A         B        C        D         E       F
            +---------+---------+-------+---------+---------+-------
      Total |      49 |       1 |   2.0 |      28 |       1 |   3.4
            +---------+---------+-------+---------+---------+-------
        D:1 |      44 |       0 |   0.0 |      25 |       0 |   0.0
        D:2 |       5 |       1 |  16.7 |       3 |       1 |  25.0
            +---------+---------+-------+---------+---------+-------

Illustrated notes

Table legend:
 A = Kills in this place as a percentage of kills in entire the game.
 B = Kills by you in this place as a percentage of kills by you in the entire game.
 C = Kills by friends in this place as a percentage of kills by friends in the entire game.
 D = Other kills in this place as a percentage of other kills in the entire game.
 E = Experience gained in this place as a percentage of experience gained in the entire game.
 F = Experience gained in this place divided by the number of levels of this place that you have seen.
                   A       B       C       D       E      F
               +-------+-------+-------+-------+-------+----------------------
         Total | 100.0 | 100.0 |   N/A |   N/A | 100.0 |  25.0
       Dungeon | 100.0 | 100.0 |   N/A |   N/A | 100.0 |  25.0
               +-------+-------+-------+-------+-------+----------------------

Table legend: (Time is in decaauts)
 A = Elapsed time spent in this place.
 B = Non-inter-level travel time spent in this place.
 C = Inter-level travel time spent in this place.
 D = Time resting spent in this place.
 E = Time spent auto-exploring this place.
 F = Levels seen in this place.
 G = Mean time per level.
                   A        B        C        D        E       F      G
               +--------+--------+--------+--------+--------+-----+--------+
         Total |   1148 |   1142 |      6 |      2 |    901 |   2 |  574.0 |
       Dungeon |   1148 |   1142 |      6 |      2 |    901 |   2 |  574.0 |
               +--------+--------+--------+--------+--------+-----+--------+

Top non-repeatable levels by time:
     D:1: 956 daAuts
     D:2: 192 daAuts
